 Dungeon Crawl Stone Soup version 0.30-a0-711-gf4ac18a38d (webtiles) character file.

Game seed: 13676448557931430437

47 arthad the Caller (level 3, -8/14 HPs)
             Began as a Felid Summoner on Jan 23, 2023.
             Killed from afar by Ijyb (19 damage)
             ... with a bolt of dispelling energy
             ... on level 3 of the Dungeon.
             The game lasted 00:04:57 (1490 turns).

arthad the Caller (Felid Summoner)                  Turns: 1490, Time: 00:04:57

Health: -8/14      AC:  1    Str:  4    XL:     3   Next: 48%
Magic:  5/7        EV: 17    Int: 18    God:
Gold:   50         SH:  0    Dex: 16    Spells: 3/6 levels left
                                        Lives:  0   Deaths: 0

rFire   . . .      SeeInvis +    (weapon unavailable)
rCold   . . .      Faith    .    (shield unavailable)
rNeg    . . .      Spirit   .    (body armour unavailable)
rPois   .          Reflect  .    (helmet unavailable)
rElec   .          Harm     .    (cloak unavailable)
rCorr   .          Rampage  .    (gloves unavailable)
Will    .....                    (boots unavailable)
Stlth   ++                       (no amulet)
HPRegen 0.22/turn                (no ring)
MPRegen 0.10/turn                (no ring)

@: quick
A: very small, claws 1, fangs 3, see invisible, speed 1, shaggy fur 1, stealthy
paws, no weapons or thrown items, no armour, multi-lived
a: no special abilities


You were on level 3 of the Dungeon.
You visited 1 branch of the dungeon, and saw 3 of its levels.

You collected 50 gold pieces.

Inventory:

Scrolls
 c - a scroll of teleportation {unknown}
 d - a scroll of noise {unknown}
 e - a scroll of amnesia {unknown}
Potions
 a - a potion of magic
 b - a potion of lignification {unknown}


   Skills:
 - Level 2.6 Dodging
 - Level 2.6 Stealth
 - Level 2.0 Spellcasting
 + Level 5.3 Summonings


You had 3 spell levels left.
You knew the following spells:

 Your Spells              Type           Power      Damage    Failure   Level
a - Summon Small Mammal   Summ           80%        N/A       1%          1
b - Call Imp              Summ           20%        N/A       3%          2

Your spell library contained the following spells:

 Spells                   Type           Power      Damage    Failure   Level
 Call Canine Familiar     Summ           20%        N/A       6%          3
 Apportation              Tloc           2%         N/A       19%         1
 Necrotise                Necr           4%         1d4       19%         1
 Slow                     Hex            4%         N/A       19%         1
 Summon Guardian Golem    Hex/Summ       11%        N/A       19%         3
 Confusing Touch          Hex            1%         N/A       47%         3
 Vampiric Draining        Necr           1%         2d6       47%         3
 Summon Lightning Spire   Summ/Air       11%        N/A       52%         4


Dungeon Overview and Level Annotations

Branches:
Dungeon (3/15)

Altars:

Annotations:
D:2 Terence
D:3 Ijyb


Innate Abilities, Weirdness & Mutations

You have sharp claws.
You have razor-sharp teeth.
You have supernaturally acute eyesight. (SInv)
You cover ground quickly. (Speed+)
You are covered in fur. (AC +1)
Your paws help you pounce on unaware monsters.
You are incapable of wielding weapons or throwing items.
You cannot wear armour.
You gain extra lives every three experience levels.


Message History

An adder is nearby!
What are your orders? t - Meow!
Orders for allies: a - Attack new target. r - Retreat! s - Stop attacking. g - Guard the area. f - Follow me.
Anything else - Cancel.
Gang up on whom?
Press: ? - help, Dir - move target, f - adder
Aim: an adder (almost dead, not watching you, ally target) Attack!
Your white imp gestures at the adder.
The puff of frost hits the adder!
The adder dies!
Your rat disappears in a puff of smoke!
You swap places.
There is an escape hatch in the ceiling here.
You see here an adder corpse.
Ijyb the Twisted Goblin comes into view.
She is wielding a +0 dagger, wearing a +1 chain mail of cold resistance and carrying a wand of quicksilver (7).
Ijyb hits you with a +0 dagger.
You swap places.
Your white imp gestures at Ijyb.
The puff of frost misses Ijyb.
Ijyb hits your white imp with a +0 dagger.
Unknown command.
What are your orders? t - Meow!
Orders for allies: a - Attack new target. r - Retreat! s - Stop attacking. g - Guard the area. f - Follow me.
Anything else - Cancel.
Gang up on whom?
Press: ? - help, Dir - move target, f - Ijyb
Aim: Ijyb, wielding a +0 dagger, wearing a +1 chain mail of cold resistance and carrying a wand of quicksilver (7) (ally target) Attack!
Your white imp hits Ijyb.
Your white imp freezes Ijyb.
Ijyb resists.
Ijyb zaps a wand.
The bolt of dispelling energy misses your white imp.
The bolt of dispelling energy hits you!!
Ouch! That really hurt!
You die...

..##........#
#.#########.#
.... #.# #.###
#.# #.# #.#
#[# ##.##
#.###.##
#...#####
#......#
#......b#
........
#...###@#
#####... #####
#5# ..#
......r#g....#
..###.#
####### ######
......#
.)####..# ..#
### ##


You could see Ijyb (ally target), a friendly white imp (summoned), a friendly
quokka (summoned) and a friendly bat (summoned).

Vanquished Creatures
  A bat (D:3)
1 creature vanquished.

Vanquished Creatures (collateral kills)
  2 adders
  9 endoplasms
  6 goblins (D:1)
  A hobgoblin (D:1)
  A ball python (D:1)
  4 bats (D:1)
  3 rats (D:1)
26 creatures vanquished.

Grand Total: 27 creatures vanquished

Notes
Turn   | Place    | Note
-------+----------+-------------------------------------------
     0 | D:1      | arthad the Felid Summoner began the quest for the Orb.
     0 | D:1      | Reached XP level 1. HP: 7/7 MP: 4/4
   147 | D:1      | Found a faded altar of an unknown god.
   166 | D:1      | Reached XP level 2. HP: 11/11 MP: 3/6
   169 | D:1      | Learned a level 2 spell: Call Imp
   926 | D:1      | Reached skill level 5 in Summonings
  1133 | D:2      | Reached XP level 3. HP: 14/14 MP: 2/7
  1235 | D:2      | Noticed Terence
  1486 | D:3      | Noticed Ijyb
  1490 | D:3      | Killed from afar by Ijyb

Illustrated notes

Levels and vault maps discovered:
D:1:      scummos_arrival_simple_fountains, layout_loops_ring,
          dreamdust_ecumenical_altar_statues
D:2:      layout_basic, corexii_hall_statues_i, uniq_terence
D:3:      layout_loops_ring, lemuel_coloured_pillars_altar, uniq_natasha,
          uniq_ijyb

Skill      XL: |  1  2 |
---------------+-------+-----
Summonings     | 5 |  5.3
Dodging        | |  2.6
Stealth        | |  2.6
Spellcasting   | |  2.0

Action                     || total
---------------------------++-------
  Melee: Unarmed           ||     9
         Bite              ||     2
   Cast: Summon Small Mamm ||    46
         Call Imp          ||    16
   Stab: Sleeping          ||     1
 Armour: Skin              ||     1
  Dodge: Dodged            ||    16

Table legend: (Time is in decaauts)
 A = Elapsed time spent in this place.
 B = Non-inter-level travel time spent in this place.
 C = Inter-level travel time spent in this place.
 D = Time resting spent in this place.
 E = Time spent auto-exploring this place.
 F = Levels seen in this place.
 G = Mean time per level.
                   A        B        C        D        E       F      G
               +--------+--------+--------+--------+--------+-----+--------+
         Total |   1349 |   1322 |     27 |     54 |    975 |   3 |  449.7 |
       Dungeon |   1349 |   1322 |     27 |     54 |    975 |   3 |  449.7 |
               +--------+--------+--------+--------+--------+-----+--------+

Top non-repeatable levels by time:
     D:1: 954 daAuts
     D:2: 204 daAuts
     D:3: 190 daAuts
